 Dungeon Crawl Stone Soup version 0.28-a0-1404-g4df0f3684d (webtiles) character file.

Game seed: 15047161431040247588

25 zap2161 the Vexing (level 2, 16/16 HPs)
             Began as a Deep Elf Arcane Marksman on Jan 5, 2022.
             Quit the game on level 1 of the Dungeon.
             The game lasted 00:06:22 (443 turns).

zap2161 the Vexing (Deep Elf Arcane Marksman)        Turns: 443, Time: 00:06:22

Health: 16/16      AC:  2    Str:  7    XL:     2   Next: 82%
Magic:  6/6        EV: 12    Int: 17    God:
Gold:   9          SH:  0    Dex: 15    Spells: 3/4 levels left

rFire   . . .      SeeInvis .   a - +0 shortbow
rCold   . . .      Faith    .   (shield currently unavailable)
rNeg    . . .      Spirit   .   d - +0 robe
rPois   .          Reflect  .   (no helmet)
rElec   .          Harm     .   (no cloak)
rCorr   .          Rampage  .   (no gloves)
Will    .....                   (no boots)
Stlth   +.........              (no amulet)
HPRegen 0.05/turn               (no ring)
MPRegen 0.10/turn               (no ring)

@: no status effects
A: no striking features
a: no special abilities


You were on level 1 of the Dungeon.
You visited 1 branch of the dungeon, and saw 1 of its levels.

You collected 9 gold pieces.

Inventory:

Hand Weapons
 a - a +0 shortbow (weapon)
 e - a +0 dagger
Missiles
 c - 17 arrows (quivered ammo)
 h - 33 stones
Armour
 d - a +0 robe (worn)
Scrolls
 f - 3 scrolls of blinking {unknown}
Potions
 b - a potion of berserk rage {unknown}
 g - a potion of lignification {unknown}


   Skills:
 * Level 0.8 Fighting
 * Level 4.0 Bows
 + Level 2.5 Dodging
 * Level 1.5 Spellcasting
 + Level 4.4 Hexes


You had 3 spell levels left.
You knew the following spells:

 Your Spells              Type           Power      Damage    Failure   Level
a - Slow                  Hex            64%        N/A       3%          1

Your spell library contained the following spells:

 Spells                   Type           Power      Damage    Failure   Level
 Inner Flame              Hex/Fire       8%         N/A       24%         3
 Portal Projectile        Hex/Tloc       16%        N/A       24%         3
 Cause Fear               Hex            8%         N/A       32%         4


Dungeon Overview and Level Annotations

Branches:
Dungeon (1/15)

Altars:


Message History

You see here a +0 short sword.
A quokka comes into view.
a - a +0 shortbow (weapon)
Fire: 18 arrows
Press: ? - help, Q - select action, (/) - cycle Shift-Dir - straight line, f - quokka
Aim: a quokka (48% to hit)
You shoot an arrow. The arrow completely misses the quokka.
Fire: 17 arrows
Press: ? - help, Q - select action, (/) - cycle Shift-Dir - straight line, f/p - quokka
Aim: a quokka (48% to hit)
You shoot an arrow. The arrow hits the quokka!
You kill the quokka!
Your Bows skill increases to level 4!
A rat comes into view.
You see here an arrow.
Fire: 16 arrows
Press: ? - help, Q - select action, (/) - cycle Shift-Dir - straight line, f - rat
Aim: a rat (asleep, 98% to hit)
You shoot an arrow.
The arrow hits the rat but does no damage.
Fire: 15 arrows
Press: ? - help, Q - select action, (/) - cycle Shift-Dir - straight line, f/p - rat
Aim: a rat (60% to hit)
You shoot an arrow. The arrow hits the rat.
You kill the rat!
c - 15 arrows (gained 1)
c - 16 arrows (gained 1)
You see here a rat corpse.
c - 17 arrows (gained 1)
You see here a rat corpse.
Found 13 stones.
h - 33 stones (gained 13)
Casting: Slow (safe; 3% risk of failure)
Confirm with . or Enter, or press ? or * to list all spells.
Okay, then.
A kobold comes into view. It is wielding a +0 club.
The kobold shouts!
A ball python comes into view.
The ball python hisses angrily.
Are you sure you want to abandon this character and quit the game? (Confirm with "yes".)

. .. ## ... #### #. ....
#..# #. ...K. ##.## #.
.....S##########..# #.
#.....@.........#######
.................#......
#..####.......##.#.....#
# #.......##.......#
#.......##.#.....#
#.......##.......#
####.#####.#......
#.........#.....# 8.
.8#..##.....#.....#


You could see a ball python and a kobold.

Vanquished Creatures
  A ball python (D:1)
  2 endoplasms (D:1)
  A giant cockroach (D:1)
  2 goblins (D:1)
  3 hobgoblins (D:1)
  3 kobolds (D:1)
  2 quokkas (D:1)
  A frilled lizard (D:1)
  8 rats (D:1)
23 creatures vanquished.

Notes
Turn   | Place    | Note
-------+----------+-------------------------------------------
     0 | D:1      | zap2161 the Deep Elf Arcane Marksman began the quest for
                  | the Orb.
     0 | D:1      | Reached XP level 1. HP: 11/11 MP: 5/5
    93 | D:1      | Reached XP level 2. HP: 15/16 MP: 6/6
   443 | D:1      | Quit the game

Illustrated notes

Levels and vault maps discovered:
D:1:      heliophobic_arrival_ceremonial_halls, layout_rooms,
          hangedman_glass_teeth

Skill      XL: |  1  2 |
---------------+-------+-----
Bows           | 3 4 |  4.0
Fighting       | |  0.8
Dodging        | |  2.5
Spellcasting   | |  1.5
Hexes          | |  4.4

Action                   || total
-------------------------++-------
Melee: Dagger            ||     7
 Fire: Shortbow          ||    43
Dodge: Dodged            ||     8

Table legend: (Time is in decaauts)
 A = Elapsed time spent in this place.
 B = Non-inter-level travel time spent in this place.
 C = Inter-level travel time spent in this place.
 D = Time resting spent in this place.
 E = Time spent auto-exploring this place.
 F = Levels seen in this place.
 G = Mean time per level.
                   A        B        C        D        E       F      G
               +--------+--------+--------+--------+--------+-----+--------+
         Total |    447 |    447 |      0 |      0 |      0 |   1 |  447.0 |
       Dungeon |    447 |    447 |      0 |      0 |      0 |   1 |  447.0 |
               +--------+--------+--------+--------+--------+-----+--------+

Top non-repeatable levels by time:
     D:1: 447 daAuts
